 Dungeon Crawl Stone Soup version 0.21.0-3-g78d12a8 (webtiles) character file.

150852 wazuzu the Lord of Darkness (level 17, 0/139 HPs)
             Began as a Vine Stalker Assassin on Jan 14, 2018.
             Was the Champion of Kikubaaqudgha.
             Slain by an eight-headed hydra (4 damage)
             ... on level 3 of the Swamp on Jan 15, 2018.
             The game lasted 02:08:32 (26561 turns).

wazuzu the Lord of Darkness (VSAs)                 Turns: 26561, Time: 02:08:35

Health: 0/139      AC: 15    Str: 23    XL:     17   Next: 54%
Magic:  0/34       EV: 11    Int: 14    God:    Kikubaaqudgha [******]
Gold:   1692       SH:  5    Dex: 16    Spells: 24/40 levels left

rFire    . . .     SeeInvis .   a - +9 quick blade (pain)
rCold    . . .     Gourm    +   x - +0 buckler
rNeg     . . .     Faith    .   C - +0 troll leather armour
rPois    +         Spirit   +   h - +0 helmet
rElec    .         Reflect  .   q - scarf {cloud immunity}
rCorr    .         Harm     .   v - +2 pair of gloves
MR       ++...                  (no boots)
Stlth    ..........             J - amulet of the gourmand
HPRegen  1.53/turn              I - ring of poison resistance
MPRegen  0.24/turn              w - +6 ring of protection

@: berserking, about to teleport, grasped by roots, very quick
A: fangs 3, regeneration 2, magic shield, antimagic bite, no potion heal 3, rot
immunity
a: Receive Corpses, Torment, Renounce Religion


You were on level 3 of the Swamp.
You worshipped Kikubaaqudgha.
Kikubaaqudgha was exalted by your worship.
You were not hungry.

You visited 5 branches of the dungeon, and saw 27 of its levels.
You also visited: Labyrinth, Ice Cave and Volcano.

You collected 2610 gold pieces.
You spent 918 gold pieces at shops.

Inventory:

Hand Weapons
 a - a +9 quick blade of pain (weapon)
 b - a +9 blowgun
Missiles
 d - 4 needles of paralysis
 e - 76 poisoned needles
 f - 2 curare-tipped needles
 U - a throwing net (quivered)
Armour
 h - a +0 helmet (worn)
 q - a scarf of cloud immunity (worn)
 t - the +4 ring mail of the Sun {+Fly Int+5 Dex+2, unknown}
   (You found it on level 1 of the Swamp)

   It affects your intelligence (+5).
   It affects your dexterity (+2).
   It lets you fly.
 v - a +2 pair of gloves (worn)
 x - a +0 buckler (worn)
 z - a +2 leather armour of magic resistance
 C - a +0 troll leather armour (worn)
 H - +0 fire dragon scales
 O - the +8 chain mail of the Game of Kings {rCorr, unknown}
   (You found it on level 1 of the Swamp)

   It protects you from acid and corrosion.
 T - the cursed -6 shield of Vipacu Huni {Int+4, unknown}
   (You found it on level 3 of the Swamp)

   It affects your intelligence (+4).
   It has a curse placed upon it.
Jewellery
 i - an uncursed ring of flight
 n - an uncursed ring of magical power
 w - a +6 ring of protection (right hand)
 I - a ring of poison resistance (left hand)
 J - an amulet of the gourmand (around neck)
Wands
 s - a wand of scattershot (12)
 B - a wand of disintegration (29)
 P - a wand of paralysis (32)
 S - a wand of acid (14)
Scrolls
 k - 3 scrolls of teleportation
 l - 5 scrolls of enchant armour
 p - 2 scrolls of enchant weapon
 r - 3 scrolls of fear
 u - 13 scrolls of remove curse
 y - 3 scrolls of amnesia
 F - 3 scrolls of fog
 N - 2 scrolls of magic mapping
Potions
 c - 11 potions of flight
 j - 13 potions of curing
 o - 11 potions of brilliance
 A - 2 potions of might
 D - 2 potions of magic
 E - 2 potions of resistance
 G - 2 potions of cancellation {unknown}
 L - 2 potions of haste
 M - 3 potions of mutation
 R - 4 potions of berserk rage
 V - 3 potions of ambrosia {unknown}
Books
 m - a book of Death

   Spells                             Type                      Level
   a - Corpse Rot                     Necromancy                   2
   b - Sublimation of Blood           Necromancy                   2
   c - Agony                          Necromancy                   5
   d - Dispel Undead                  Necromancy                   5
   e - Excruciating Wounds            Charms/Necromancy            5
   f - Bolt of Draining               Conjuration/Necromancy       5
 K - Kikubaaqudgha's Tome of Black Rituals
   (Kikubaaqudgha gifted it to you on level 10 of the Dungeon)

   Spells                             Type                      Level
   a - Animate Dead                   Necromancy                   4
   b - Bolt of Draining               Conjuration/Necromancy       5
   c - Borgnjor's Vile Clutch         Necromancy/Earth             5
   d - Agony                          Necromancy                   5
   e - Dispel Undead                  Necromancy                   5
 Q - a book of Spatial Translocations

   Spells                             Type                      Level
   a - Blink                          Translocation                2
   b - Shroud of Golubria             Charms/Translocation         2
   c - Lesser Beckoning               Translocation                3
   d - Gell's Gravitas                Translocation                3
   e - Teleport Other                 Translocation                3
   f - Passage of Golubria            Translocation                4
Comestibles
 g - 51 rations


   Skills:
 + Level 12.0 Fighting
 - Level 10.2 Short Blades
 - Level 1.7 Throwing
 + Level 6.0 Armour
 + Level 6.0 Dodging
 - Level 16.0 Stealth
 + Level 5.0 Shields
 - Level 12.0 Spellcasting
 - Level 16.3 Necromancy


You had 24 spell levels left.
You knew the following spells:

 Your Spells              Type           Power        Failure   Level  Hunger
a - Vampiric Draining     Necr           ######....   1%          3    None
b - Blink                 Tloc           N/A          14%         2    None
c - Sublimation of Blood  Necr           ######....   1%          2    None
d - Animate Dead          Necr           N/A          1%          4    ###....
e - Dispel Undead         Necr           ######..     1%          5    #####..


Dungeon Overview and Level Annotations

Branches:
Dungeon (15/15)            Temple (1/1) D:6            Lair (6/6) D:8
  Swamp (3/4) Lair:2        Snake (0/4) Lair:3        Slime (0/5) Lair:6
    Orc (2/2) D:10            Elf (0/3) Orc:2        Vaults (0/5) D:13
 Depths (0/5) D:15

Altars:
Ashenzari
Dithmenos
Elyvilon
Fedhas
Gozag
Hepliaklqana
Kikubaaqudgha
Nemelex Xobeh
Okawaru
Qazlal
Sif Muna
Trog
Uskayaw
Vehumet
Wu Jian
Xom
Yredelemnul
Zin
The Shining One
Beogh

Shops:
D:4 (*?(*   D:6 *   D:11 ?   D:15 [   Orc:2 [!*(


Innate Abilities, Weirdness & Mutations

You have razor-sharp teeth.
You heal very quickly.
When hurt, damage is shared between your health and your magic reserves.
Your bite disrupts and absorbs the magic of your enemies.
Potions cannot restore your health.
You are immune to rotting.


Message History

The eight-headed hydra misses you.
You block the eight-headed hydra's attack.
The eight-headed hydra bites you!
* * * LOW HITPOINT WARNING * * *
The eight-headed hydra barely misses you.
You block the eight-headed hydra's attack.
The eight-headed hydra closely misses you.
The eight-headed hydra bites you!
* * * LOW HITPOINT WARNING * * *
The tyrant leech bites you!
* * * LOW HITPOINT WARNING * * *
The tyrant leech draws strength from your injuries!
Okay, then.
A red film seems to cover your vision as you go berserk!
You feel yourself moving faster!
You feel mighty!
The insubstantial wisp blinks! x2
The eight-headed hydra bites you but does no damage.
The eight-headed hydra bites you.
You die...
Kikubaaqudgha rasps: "You have failed me!
Welcome... death!"

♣♣......♣≈≈≈≈≈≈≈...≈≈
♣♣.≈♣♣..♣≈≈≈≈≈♣≈≈≈.. ♣♣♣
♣..≈≈≈≈≈...≈≈>≈≈≈
♣♣.≈≈≈≈≈.≈♣≈§≈≈≈≈
♣≈≈≈♣≈..≈.≈≈≈≈≈≈
♣≈...≈≈≈≈≈≈≈.≈.♣≈
♣♣≈v≈.≈≈♣≈≈≈..≈.≈≈
♣.≈≈≈.f≈≈≈♣..♣≈.≈≈
♣♣....@D≈v≈≈.≈.≈≈≈.
♣♣>.≈≈.§wv.≈≈≈≈.≈≈≈.
♣...≈≈≈≈§≈≈≈.≈≈≈≈≈≈.♣
.≈..≈≈≈...≈≈≈.♣≈.≈.<≈≈≈..
≈♣.♣≈≈≈≈≈≈....≈≈.≈≈.≈♣≈.♣
≈.>≈≈≈≈≈≈≈.≈≈≈≈♣.≈≈.≈≈≈.♣
♣≈.≈w≈.....≈≈≈[...♣..≈§≈.
v≈.♣≈≈♣♣.♣≈≈≈≈≈♣≈..≈.≈≈≈≈
....≈.≈≈.≈≈....≈≈≈(...≈≈≈


You could see a shambling mangrove, an eight-headed hydra, 2 tyrant leeches and
3 insubstantial wisps.

Vanquished Creatures
  Frances (D:14)
  Kirke (Lair:6)
  A thorn hunter (Swamp:1)
  A frost giant (IceCv)
  Nessos (Orc:2)
  The ghost of baljet the Severer, a journeyman HOFi of Makhleb (Orc:2)
  A dire elephant (D:15)
  An ettin (Orc:2)
  Snorg (Lair:6)
  A fire dragon (Lair:6)
  A minotaur (Lab)
  Josephine (Orc:2)
  4 vault guards (D:13)
  A ghost crab (Swamp:2)
  A centaur warrior (D:14)
  Erica (D:8)
  A catoblepas (D:15)
  A death knight (D:15)
  12 hydras
  5 alligators (Swamp:2)
  16 two-headed ogres
  3 ogre magi
  4 death yaks
  2 tengu warriors (D:14)
  Urug (D:11)
  Nergalle (D:11)
  A spriggan druid (Swamp:2)
  A wizard (D:14)
  A deep troll (Orc:2)
  2 shambling mangroves
  9 swamp dragons
  4 unseen horrors
  A wolf spider zombie (D:15)
  Pikel (D:8)
  2 deep elf magi
  An orc knight (Orc:1)
  2 wolf spiders (D:15)
  7 ugly things
  4 cyclopes
  2 orc sorcerers
  A guardian serpent (Lair:3)
  2 manticores
  19 elephants
  A naga mage (D:15)
  2 ice statues (IceCv)
  A molten gargoyle (Volcano)
  2 gargoyles
  5 black mambas
  5 centaur skeletons
  16 spiny frogs
  A kobold demonologist (D:12)
  10 komodo dragons
  3 efreet (Volcano)
  6 rime drakes
  2 freezing wraiths (D:15)
  14 trolls
  3 meliai (D:13)
  11 hornets
  23 polar bears
  9 blink frogs
  Prince Ribbit (D:8)
  A raiju (Lair:6)
  22 dream sheep
  11 hippogriffs
  4 bog bodies
  26 slime creatures
  A spriggan (Swamp:2)
  2 shadows
  8 wyverns
  The ghost of letownia2 the Conjurer, an amateur VSWz (D:5)
  4 hogs (Lair:6)
  5 wraiths
  52 yaks
  2 basilisks
  A hungry ghost (D:7)
  4 fire bats
  5 fire elementals
  6 steam dragons
  11 vampire mosquitoes
  8 wargs
  6 swamp worms
  2 insubstantial wisps (Swamp:3)
  12 porcupines
  16 hell hounds
  6 swamp drakes
  7 water moccasins
  4 phantoms
  13 black bears
  2 slaves (D:8)
  20 orc warriors
  3 eyes of draining
  5 sky beasts
  6 ice beasts
  5 centaurs
  28 ogres
  12 crocodiles
  35 wolves
  4 big kobolds
  A gnoll sergeant (D:8)
  19 bullfrogs
  5 earth elementals (Volcano)
  A wyvern zombie (D:13)
  A wyvern skeleton (D:14)
  8 scorpions
  18 killer bees
  12 wights
  5 howler monkeys
  6 crimson imps
  5 bullfrog zombies
  A quasit (D:12)
  2 centaur zombies
  5 hounds
  A gnoll shaman (D:6)
  A jelly (D:11)
  17 orc priests
  26 orc wizards
  A bullfrog skeleton (D:13)
  7 iguanas
  5 hell rats
  15 worker ants
  3 hound skeletons
  2 worker ant zombies (D:7)
  9 adders
  20 gnolls
  7 shadow imps
  An ooze (D:4)
  An adder skeleton (D:8)
  An adder zombie (D:8)
  A worm (D:4)
  15 dart slugs
  8 leopard geckos
  110 orcs
  6 ball pythons
  2 giant cockroaches
  7 hobgoblins
  21 jackals
  4 quokkas
  9 bats
  5 frilled lizards
  8 goblins
  A jackal skeleton (D:8)
  11 kobolds
  A leopard gecko skeleton (D:5)
  A quokka zombie (D:3)
  6 rats
  3 fire vortices (Volcano)
  A plant (Lair:6)
1026 creatures vanquished.

Vanquished Creatures (collateral kills)
  A centaur warrior (D:13)
  2 two-headed ogres
  An iron troll (Orc:2)
  3 blink frogs (Lair:6)
  A slime creature (D:13)
  A wraith (Orc:2)
  A soldier ant (D:13)
  4 orc warriors (Orc:2)
  3 ogres (Orc:2)
  2 centaurs (D:13)
  A bullfrog (D:14)
  An orc priest (Orc:2)
  2 orc wizards
  10 orcs
  A plant (D:15)
34 creatures vanquished.

Vanquished Creatures (others)
  A swamp dragon (Swamp:3)
  A blink frog (Lair:5)
  A centaur (D:13)
  An orc wizard (D:10)
  8 fungi
  16 plants
28 creatures vanquished.

Grand Total: 1088 creatures vanquished

Notes
Turn   | Place    | Note
-------+----------+-------------------------------------------
     0 | D:1      | wazuzu the Vine Stalker Assassin began the quest for the Orb.
     0 | D:1      | Reached XP level 1. HP: 11/11 MP: 2/2
    72 | D:1      | Reached skill level 5 in Stealth
    94 | D:1      | Reached XP level 2. HP: 15/15 MP: 3/3
   587 | D:1      | Reached XP level 3. HP: 17/18 MP: 4/4
  2085 | D:3      | Gained mutation: Your natural rate of healing is unusually fast. [Vine Stalker growth]
  2085 | D:3      | Reached XP level 4. HP: 23/23 MP: 5/5
  2564 | D:3      | Reached XP level 5. HP: 26/26 MP: 6/6
  2710 | D:3      | Noticed a centaur
  2717 | D:3      | Killed a centaur
  2975 | D:4      | Found a white marble altar of Elyvilon.
  3030 | D:4      | Found Hajifurr's Weapon Emporium.
  3141 | D:4      | Found an iron altar of Okawaru.
  3165 | D:4      | Found Sitriushruu's Antique Weapon Shop.
  3177 | D:4      | Reached XP level 6. HP: 30/30 MP: 7/7
  3183 | D:4      | Bought a warped dagger for 175 gold pieces
  3183 | D:4      | Identified the +4 dagger of Courage {elec, Stlth+} (You bought it in a shop on level 4 of the Dungeon)
  3194 | D:4      | Noticed a phantom
  3199 | D:4      | Killed a phantom
  3199 | D:4      | Reached skill level 5 in Short Blades
  3208 | D:4      | Found Ozecir's Magic Scroll Boutique.
  3226 | D:4      | Bought a scroll of identify for 28 gold pieces
  3252 | D:4      | Found Liuran's Assorted Antiques.
  3334 | D:4      | Reached XP level 7. HP: 28/34 MP: 6/8
  3456 | D:4      | Found Ydexadd's Assorted Antiques.
  3763 | D:5      | Entered Level 5 of the Dungeon
  3830 | D:5      | Reached skill level 1 in Shields
  3885 | D:5      | Noticed letownia2's ghost (amateur VSWz)
  4191 | D:5      | Gained mutation: You have razor-sharp teeth. [Vine Stalker growth]
  4191 | D:5      | Reached XP level 8. HP: 25/38 MP: 5/9
  4330 | D:5      | Killed letownia2's ghost
  4846 | D:6      | Found Quceukypn's Assorted Antiques.
  4949 | D:6      | Reached XP level 9. HP: 31/42 MP: 6/10
  5002 | D:6      | Bought a scroll labeled WATZEPT FEPIQO for 33 gold pieces
  5396 | D:7      | Found a basalt altar of Yredelemnul.
  5724 | D:7      | Reached skill level 5 in Shields
  6073 | D:6      | Found a staircase to the Ecumenical Temple.
  6077 | Temple   | Entered the Ecumenical Temple
  6149 | Temple   | Became a worshipper of Kikubaaqudgha
  6253 | D:8      | Found a staircase to the Lair.
  6312 | D:8      | Noticed Erica
  6339 | D:8      | Killed Erica
  6339 | D:8      | Reached skill level 10 in Short Blades
  6339 | D:8      | Reached XP level 10. HP: 51/51 MP: 11/11
  6465 | D:8      | Killed an unseen horror
  6465 | D:8      | Reached skill level 5 in Fighting
  6466 | D:8      | Noticed Prince Ribbit
  6483 | D:8      | Killed Prince Ribbit
  6765 | D:8      | Reached * piety under Kikubaaqudgha
  6765 | D:8      | Identified Kikubaaqudgha's Tome of Unholy Rituals (Kikubaaqudgha gifted it to you on level 8 of the Dungeon)
  6765 | D:8      | Received a gift from Kikubaaqudgha
  6765 | D:8      | Reached skill level 1 in Dodging
  6972 | D:8      | Reached skill level 1 in Armour
  7142 | D:8      | Noticed a two-headed ogre
  7178 | D:8      | Killed a two-headed ogre
  7234 | D:8      | Found a roughly hewn altar of Beogh.
  7265 | D:8      | Reached ** piety under Kikubaaqudgha
  7432 | D:8      | Noticed Pikel
  7469 | D:8      | Killed Pikel
  7795 | D:9      | Reached XP level 11. HP: 52/58 MP: 12/12
  8232 | D:9      | Found a bloodstained altar of Trog.
  8452 | D:10     | Entered Level 10 of the Dungeon
  8577 | D:10     | Reached *** piety under Kikubaaqudgha
  8577 | D:10     | Identified Kikubaaqudgha's Tome of Black Rituals (Kikubaaqudgha gifted it to you on level 10 of the Dungeon)
  8577 | D:10     | Received a gift from Kikubaaqudgha
  8688 | D:10     | Noticed a two-headed ogre
  8692 | D:10     | Killed a two-headed ogre
  8812 | D:10     | Found a staircase to the Orcish Mines.
  8897 | D:10     | Noticed a two-headed ogre
  8947 | D:10     | Killed a two-headed ogre
  9151 | D:10     | Reached skill level 5 in Dodging
  9154 | D:10     | Reached skill level 5 in Armour
  9232 | D:10     | Learned a level 3 spell: Vampiric Draining
  9299 | Orc:1    | Entered Level 1 of the Orcish Mines
  9479 | D:11     | Found Doc Mimi's Magic Scroll Emporium.
  9498 | D:11     | Reached skill level 1 in Necromancy
  9504 | D:11     | Reached **** piety under Kikubaaqudgha
  9541 | D:11     | Found a labyrinth entrance.
  9550 | Lab      | Entered a labyrinth
  9843 | Lab      | Noticed a minotaur
  9855 | Lab      | Killed a minotaur
  9857 | Lab      | Got a scorched silver ring
  9944 | D:11     | Noticed a two-headed ogre
  9969 | D:11     | Killed a two-headed ogre
  9969 | D:11     | Gained mutation: You heal very quickly. [Vine Stalker growth]
  9969 | D:11     | Reached XP level 12. HP: 43/65 MP: 13/13
  9973 | D:11     | Learned a level 2 spell: Blink
  9976 | D:11     | Learned a level 2 spell: Sublimation of Blood
 10092 | D:11     | Noticed a two-headed ogre
 10099 | D:11     | Killed a two-headed ogre
 10099 | D:11     | Reached skill level 1 in Spellcasting
 10165 | D:11     | Noticed Nergalle
 10172 | D:11     | Killed Nergalle
 10181 | D:11     | Identified the ring "Itetonku" {Fire *Slow +Fly Str+3} (You took it off a minotaur in a labyrinth)
 10346 | D:11     | Noticed Urug
 10491 | Lair:1   | Entered Level 1 of the Lair of Beasts
 11003 | Lair:1   | Reached skill level 5 in Necromancy
 11018 | Lair:1   | Found a transporter.
 11083 | Lair:1   | Found a transporter.
 11591 | Lair:1   | Identified a scroll of acquirement
 11642 | Lair:2   | Found a staircase to the Swamp.
 11919 | Lair:2   | Reached skill level 5 in Spellcasting
 12342 | Lair:3   | Noticed an eight-headed hydra
 12348 | Lair:3   | Killed an eight-headed hydra
 12617 | Lair:3   | Noticed a death yak
 12617 | Lair:3   | Noticed a death yak
 12617 | Lair:3   | Noticed a death yak
 12617 | Lair:3   | Noticed a death yak
 12639 | Lair:2   | Killed a death yak
 12711 | Lair:3   | Reached XP level 13. HP: 69/69 MP: 24/24
 12803 | Lair:3   | Reached ***** piety under Kikubaaqudgha
 13065 | Lair:3   | Found a staircase to the Snake Pit.
 14156 | Lair:4   | Reached skill level 10 in Necromancy
 14445 | Lair:4   | Got a steaming leather armour
 14745 | Lair:5   | Reached skill level 10 in Spellcasting
 14829 | Lair:5   | Identified the +5 leather armour "Xeos" {rPois} (You found it on level 4 of the Lair of Beasts)
 14947 | Lair:5   | Reached XP level 14. HP: 67/74 MP: 29/29
 15518 | Lair:6   | Entered Level 6 of the Lair of Beasts
 15580 | Lair:6   | Found a frozen archway.
 15659 | IceCv    | Entered an ice cave
 16029 | IceCv    | Reached ****** piety under Kikubaaqudgha
 16108 | IceCv    | Noticed a frost giant
 16304 | IceCv    | Killed a frost giant
 16700 | Lair:6   | Identified a +9 quick blade of pain (a +9 quick blade bloodied by Kikubaaqudgha)
 16700 | Lair:6   | Received a gift from Kikubaaqudgha
 16740 | Lair:6   | Found a staircase to the Slime Pits.
 16928 | Lair:6   | Noticed Kirke
 16944 | Lair:6   | Killed Kirke
 17385 | Lair:6   | Reached XP level 15. HP: 72/79 MP: 32/32
 17585 | Lair:6   | Reached skill level 10 in Stealth
 17749 | Lair:6   | Identified Sif Muna's Volume of the Mountains and Attacks
 17758 | Lair:6   | Learned a level 4 spell: Animate Dead
 17764 | Lair:6   | Learned a level 5 spell: Dispel Undead
 17991 | Lair:6   | Noticed Snorg
 18028 | Lair:6   | Killed Snorg
 18642 | Orc:2    | Entered Level 2 of the Orcish Mines
 18784 | Orc:2    | Noticed Josephine
 18799 | Orc:2    | Killed Josephine
 18799 | Orc:2    | Reached skill level 10 in Fighting
 18883 | Orc:2    | Noticed baljet's ghost (journeyman HOFi)
 18981 | Orc:2    | Killed baljet's ghost
 19225 | Orc:2    | Noticed Nessos
 19230 | Orc:2    | Found a dark tunnel.
 19232 | Orc:2    | Killed Nessos
 19240 | Volcano  | Entered a volcano
 19738 | Orc:2    | Found Ucsi's Distillery.
 19797 | Orc:2    | Found a staircase to the Elven Halls.
 19800 | Orc:2    | Found Biydeic's Antique Armour Shoppe.
 19801 | Orc:2    | Found Nohiatre's General Store.
 19813 | Orc:2    | Bought a pair of embroidered gloves for 270 gold pieces
 19829 | Orc:2    | Bought a potion of flight for 33 gold pieces
 19829 | Orc:2    | Bought a potion of berserk rage for 55 gold pieces
 19908 | Orc:2    | Found Nieval's Weapon Emporium.
 20289 | Orc:1    | Reached XP level 16. HP: 57/86 MP: 28/33
 20607 | Orc:2    | Bought an encrusted ring mail for 324 gold pieces
 20607 | Orc:2    | Identified the cursed +1 ring mail of the Sparrow {Regen+ Str-4 Slay+2} (You bought it in a shop on level 2 of the Orcish Mines)
 20818 | D:11     | Killed Urug
 22375 | D:13     | Found a gate to the Vaults.
 23004 | D:14     | Noticed Frances
 23017 | D:14     | Killed Frances
 23017 | D:14     | Reached skill level 15 in Necromancy
 23568 | D:14     | Found a shadowy altar of Dithmenos.
 23745 | D:15     | Entered Level 15 of the Dungeon
 23876 | D:15     | Found a white marble altar of Elyvilon.
 24046 | D:15     | Found Eguewask's Antique Armour Shop.
 24263 | D:15     | Reached XP level 17. HP: 93/93 MP: 34/34
 24265 | D:15     | Found a staircase to the Depths.
 24717 | Swamp:1  | Entered Level 1 of the Swamp
 25007 | Swamp:1  | Got a heavily runed ring mail
 25205 | Swamp:1  | Got a smoking chain mail
 25791 | Swamp:2  | Paralysed by a hornet for 1 turns
 25830 | Swamp:2  | Reached skill level 15 in Stealth
 26505 | Swamp:3  | Got a heavily runed shield
 26560 | Swamp:3  | HP: 2/93 [tyrant leech (12)]
 26561 | Swamp:3  | Slain by an eight-headed hydra

Skill      XL: |  1  2  3  4  5  6  7  8  9 10 11 12 13 14 15 16 17 |
---------------+----------------------------------------------------+-----
Short Blades   | 2 3 4 5 6 8 10 | 10.2
Stealth        | 5 6 7 8 9 12 14 16 | 16.0
Shields        | 2 4 5 |  5.0
Fighting       | 4 7 8 9 10 11 12 | 12.0
Dodging        | 3 5 6 |  6.0
Armour         | 3 5 6 |  6.0
Necromancy     | 2 7 10 12 13 15 16 | 16.3
Spellcasting   | 6 10 12 | 12.0
Throwing       | |  1.7

Action                   |  1- 3 |  4- 6 |  7- 9 | 10-12 | 13-15 | 16-18 || total
-------------------------+-------+-------+-------+-------+-------+-------++-------
Melee: Dagger            |   107 |   129 |   293 |   606 |       |       ||  1135
       Bite              |    25 |    38 |    64 |   234 |   743 |   360 ||  1464
       Quick blade       |       |       |       |   131 |  1931 |  1056 ||  3118
 Cast: Vampiric Draining |       |       |       |     3 |       |       ||     3
       Animate Dead      |       |       |       |       |    10 |    15 ||    25
       Dispel Undead     |       |       |       |       |       |     3 ||     3
Invok: Brand Weapon With |       |       |       |       |     1 |       ||     1
       Receive Corpses   |       |       |       |       |     7 |       ||     7
Evoke: Wand              |       |       |       |    14 |       |       ||    14
  Use: Scroll            |       |     3 |     4 |    11 |     2 |    10 ||    30
       Potion            |       |       |     2 |     6 |     4 |     1 ||    13
 Stab: Sleeping          |     6 |     8 |    25 |    24 |    21 |    34 ||   118
       Distracted        |       |       |     1 |     8 |     4 |     8 ||    21
       Paralysed         |       |       |       |     1 |       |       ||     1
  Eat: Chunk             |     2 |     2 |    11 |    17 |    36 |    24 ||    92
       Ration            |     1 |       |       |     1 |       |       ||     2
Armor: Robe              |     9 |       |       |       |       |       ||     9
       Scale mail        |    45 |     1 |       |       |       |       ||    46
       Ring mail         |       |    35 |    18 |       |       |       ||    53
       Skin              |       |       |    75 |    73 |       |       ||   148
       Leather armour    |       |       |    24 |    68 |       |       ||    92
       Troll leather arm |       |       |       |    24 |   157 |   186 ||   367
       Swamp dragon scal |       |       |       |       |    99 |       ||    99
       Fire dragon scale |       |       |       |       |     6 |       ||     6
Dodge: Dodged            |    47 |    56 |   101 |   235 |   580 |   337 ||  1356
Block: Buckler           |       |       |    57 |   126 |   186 |   126 ||   495
